 Dungeon Crawl Stone Soup version 0.31-a0-819-gf6de2f5ab6 (webtiles) character file.

Game seed: 11188472802782900156

12 qw the Shooter (level 2, -1/17 HPs)
             Began as a Gargoyle Hunter on Sept 23, 2023.
             Slain by a goblin
             ... wielding a +4 dagger
              (4 damage)
             ... on level 1 of the Dungeon.
             The game lasted 00:00:08 (332 turns).

qw the Shooter (Gargoyle Hunter)                     Turns: 332, Time: 00:00:08

Health: -1/17      AC:  5    Str: 14    XL:     2   Next: 33%
Magic:  2/2        EV: 11    Int:  9    God:
Gold:   19         SH:  0    Dex: 13    Spells: 1/1 levels left

rFire   . . .        a - +0 shortbow
rCold   . . .        (shield currently unavailable)
rNeg    + . .        c - +0 leather armour
rPois   inf          (no helmet)
rElec   +            (no cloak)
rCorr   .            (no gloves)
SInv    .            (no boots)
Will    .....        (no amulet)
Stlth   +            (no ring)
HPRegen 0.22/turn    (no ring)
MPRegen 0.08/turn

%: no passive effects
@: no status effects
A: sickness immunity, AC +2, negative energy resistance 1, electricity
resistance, torment resistance 1, petrification resistance
a: no special abilities


You were on level 1 of the Dungeon.
You visited 1 branch of the dungeon, and saw 1 of its levels.

You collected 43 gold pieces.
You spent 24 gold pieces at shops.


Innate Abilities, Weirdness & Mutations

You are immune to sickness and miasma.
Your stone body is resilient. (AC +2)
You are immune to poison.
You resist negative energy. (rN+)
You are resistant to electric shocks. (rElec)
You are resistant to unholy torment.
You are immune to petrification.


   Skills:
 - Level 2.1 Fighting
 + Level 4.5 Ranged Weapons
 - Level 1.5 Dodging
 - Level 1.1 Stealth


You had one spell level left.
You didn't know any spells.
Your spell library was empty.

Inventory:

Hand Weapons
 a - a +0 shortbow (weapon)
Armour
 c - a +0 leather armour (worn)
 d - +0 steam dragon scales
Scrolls
 b - a scroll of butterflies
 e - a scroll of identify

Dungeon Overview and Level Annotations

Branches:
Dungeon (1/15)

Altars:

Shops:
D:1 ?


Message History

The ball python hisses angrily.
The ball python bites you but does no damage.
The ball python closely misses you.
You shoot an arrow. The arrow hits the ball python.
You kill the ball python!
There is an entrance to Apekle's Magic Scroll Shoppe here.
201 ||| BUYING scroll of identify (24 gold).
e - a scroll of identify Thank you for shopping at Apekle's Magic Scroll Shoppe!
201 ||| SHOPLISTING scroll of identify (24 gold, have 19).
You can access your shopping list by pressing '$'.
You see here a ball python corpse.
You see here a ball python corpse.
You see here a ball python corpse.
There is a stone staircase leading down here.
A rat comes into view.
Found a helmet.
You shoot an arrow. The arrow hits the rat.
You kill the rat!
A goblin comes into view. It is wielding a +4 dagger.
The goblin shouts!
A goblin is nearby!
You shoot an arrow. The arrow hits the goblin.
The goblin is moderately wounded.
You shoot an arrow. The arrow closely misses the goblin.
The goblin barely misses you.
You shoot an arrow. The arrow hits the goblin.
The goblin is severely wounded.
The goblin hits you with a +4 dagger.
You shoot an arrow. The arrow closely misses the goblin.
The goblin hits you but does no damage.
You shoot an arrow. The arrow barely misses the goblin.
The goblin hits you with a +4 dagger.
You shoot an arrow. The arrow barely misses the goblin.
The goblin hits you with a +4 dagger. x2
You shoot an arrow. The arrow closely misses the goblin.
The goblin hits you with a +4 dagger.
You shoot an arrow. The arrow barely misses the goblin.
The goblin hits you with a +4 dagger.
You die...

......# ......#
...... #...P ##
#... P.# #+# #%P7
..P# #.# #gP7.P.P#
#.######## #@[P7
##.#......#
#.#.P..#
##....####.###.#
####
###.....##.......#
........##.#.#####
###.#.#......#
.##.#.#..###.#
.........# #.#
##.#.##.###.#


You could see a goblin.

Vanquished Creatures
  2 ball pythons (D:1)
  2 bats (D:1)
  2 endoplasms (D:1)
  A goblin (D:1)
  A hobgoblin (D:1)
  2 kobolds (D:1)
  A rat (D:1)
11 creatures vanquished.

Notes
Turn   | Place    | Note
-------+----------+-------------------------------------------
     0 | D:1      | qw the Gargoyle Hunter began the quest for the Orb.
     0 | D:1      | Reached XP level 1. HP: 12/12 MP: 1/1
     0 | D:1      | 0 ||| qw: Version: 0.3-a-83-gcd0e7d8
     0 | D:1      | 0 ||| qw: Game counter: 1751
     0 | D:1      | 0 ||| qw: Melee chars always use a shield: true
     0 | D:1      | 0 ||| qw: God list: Okawaru
     0 | D:1      | 0 ||| qw: Allow faded altars: false
     0 | D:1      | 0 ||| qw: Do Orc after clearing Dungeon:15 true
     0 | D:1      | 0 ||| qw: Do second Lair branch before Depths: true
     0 | D:1      | 0 ||| qw: Lair rune preference: random
     0 | D:1      | 0 ||| qw: Goals: Normal
     0 | D:1      | 0 ||| PLANNING D:1-11
   100 | D:1      | Reached XP level 2. HP: 17/17 MP: 2/2
   196 | D:1      | Found Apekle's Magic Scroll Shoppe.
   201 | D:1      | 201 ||| BUYING scroll of identify (24 gold).
   201 | D:1      | Bought a scroll of identify for 24 gold pieces
   201 | D:1      | 201 ||| SHOPLISTING scroll of identify (24 gold, have 19).
   330 | D:1      | HP: 4/17 [goblin/+4 dagger (6)]
   332 | D:1      | Slain by a goblin

Levels and vault maps discovered:
D:1:      dpeg_arrival_leaves_temple_mockup, layout_loops_corners,
          ebering_ecumenical_altar_petrified, serial_shops, shop,
          minmay_misc_feat_cross, minmay_misc_feat_tiny, st_stairs_2

Action                     || total
---------------------------++-------
   Fire: Shortbow          ||    36
 Armour: Leather armour    ||    18
  Dodge: Dodged            ||     5

Table legend:
 A = Non-vault XP
 B = Vault XP
 C = Vault XP percentage of total XP
 D = Non-vault monster count
 E = Vault monster count
 F = Vault count percentage of total count
                 A         B        C        D         E       F
            +---------+---------+-------+---------+---------+-------
      Total |      15 |       3 |  16.7 |       9 |       2 |  18.2
            +---------+---------+-------+---------+---------+-------
        D:1 |      15 |       3 |  16.7 |       9 |       2 |  18.2
            +---------+---------+-------+---------+---------+-------
